 Dungeon Crawl Stone Soup version 0.32-a0-842-gbbb8fdbe59 (webtiles) character file.

Game seed: 13286489085948002795

164 Essalna the Firebug (level 5, 36/38 HPs)
             Began as a Demonspawn Fire Elementalist on Mar 27, 2024.
             Got out of the dungeon alive.
             The game lasted 00:03:32 (2821 turns).

Essalna the Firebug (Demonspawn Fire Elementalist)  Turns: 2821, Time: 00:03:32

Health: 36/38      AC:  2    Str:  8    XL:     5   Next: 21%
Magic:  18/18      EV: 11    Int: 17    God:
Gold:   41         SH:  0    Dex: 14    Spells: 9/10 levels left

rFire   . . .        c - +0 dagger
rCold   . . .        d - orb {guile}
rNeg    . . .        a - +0 robe
rPois   +            (no helmet)
rElec   .            (no cloak)
rCorr   .            (no gloves)
SInv    .            (no boots)
Will    .....        (no amulet)
Stlth   +++          g - ring of poison resistance
HPRegen 0.26/turn    m - ring of magical power
MPRegen 0.16/turn

%: no passive effects
@: wreathed by umbra
A: demonic guardian 1, foul shadow 1
a: no special abilities


You escaped.
You visited 1 branch of the dungeon, and saw 3 of its levels.

You collected 41 gold pieces.

Inventory:

Hand Weapons
 c - a +0 dagger (weapon)
Armour
 a - a +0 robe (worn)
 d - an orb of guile (worn)
Jewellery
 g - a ring of poison resistance (left hand)
 m - a ring of magical power (right hand)
Scrolls
 j - 2 scrolls of teleportation {unknown}
 k - a scroll of identify {unknown}
 l - a scroll of summoning {unknown}
 n - a scroll of revelation {unknown}
Potions
 b - a potion of magic
 e - a potion of enlightenment {unknown}
 f - a potion of haste {unknown}
 h - 3 potions of brilliance {unknown}
 i - 2 potions of degeneration {unknown}


   Skills:
 + Level 2.3 Fighting
 - Level 1.7 Dodging
 - Level 1.7 Stealth
 + Level 3.0 Spellcasting
 + Level 2.5 Conjurations
 + Level 3.5 Fire Magic


You had 9 spell levels left.
You knew the following spells:

 Your Spells              Type           Power      Damage    Failure   Level
a - Foxfire               Conj/Fire      52%        2x1d6     4%          1

Your spell library contained the following spells:

 Spells                   Type           Power      Damage    Failure   Level
 Scorch                   Fire           28%        2d6       6%          2
 Inner Flame              Hex/Fire       8%         N/A       26%         3
 Volatile Blastmotes      Fire/Tloc      16%        2d11      26%         3
 Flame Wave               Conj/Fire      13%        2d6       45%         4


Dungeon Overview and Level Annotations

Branches:
Dungeon (3/15)

Altars:
Yredelemnul


Innate Abilities, Weirdness & Mutations

A weak demonic guardian rushes to your aid.
You are faintly shadowed, very rarely releasing foul flame when damaged in melee.


Message History

You are even more covered in liquid fire!
Casting: Foxfire (safe; 5% risk of failure)
Confirm with . or Enter, or press ? or * to list all spells.
You conjure some foxfire!
The liquid fire burns you!
The foxfire hits the bombardier beetle but does no damage.
The bombardier beetle is almost dead.
Casting: Foxfire (safe; 5% risk of failure)
Confirm with . or Enter, or press ? or * to list all spells.
You conjure some foxfire!
The liquid fire burns you!
The foxfire hits the bombardier beetle.
You kill the bombardier beetle!
Your Spellcasting skill increases to level 3!
You have reached level 5!
Your demonic ancestry asserts itself...
You feel the presence of a demonic guardian.
You shake off some of the fire as you move.
The liquid fire burns you!
You shake off some of the fire as you move.
The liquid fire burns you!
Your foxfire dissipates! x2
You shake off some of the fire as you move.
The liquid fire burns you!
You shake off some of the fire as you move.
The liquid fire burns you!
* * * LOW HITPOINT WARNING * * *
You shake off the liquid fire.
Found a basalt altar of Yredelemnul.
There is a stone staircase leading up here.
You climb upwards.
There is a stone staircase leading down here.
There is a stone staircase leading up here.
You climb upwards.
There is a stone staircase leading down here.
Things that are here:
a +0 flail; a gnoll skeleton
There is an escape hatch in the floor here.
There is a staircase leading out of the dungeon here.
You have escaped!

....#..........##............##.#
#.#......##....##....##.......#.#
.........##..........##.........#
#.........................##....#
.....##...................##....#
#....##..........................
#..รท...............(.............
................>...........##...
#...##..........@...........##...
....##...........................
.................................
#..........................##....
#.....##...................##...#
#.....##.........................
#..........##..........##........
#.##.......##....##....##...)>##.
#.##.............##..............


There were no monsters in sight!

Vanquished Creatures
  A bombardier beetle (D:3)
  4 gnolls
  5 adders
  A ribbon worm (D:3)
  3 dart slugs
  4 endoplasms (D:1)
  3 giant cockroaches
  2 goblins (D:2)
  4 hobgoblins
  3 kobolds (D:2)
  A quokka (D:2)
  6 ball pythons
  2 frilled lizards
  4 rats
43 creatures vanquished.

Vanquished Creatures (others)
  193 foxfires
193 creatures vanquished.

Grand Total: 236 creatures vanquished

Notes
Turn   | Place    | Note
-------+----------+-------------------------------------------
     0 | D:1      | Essalna the Demonspawn Fire Elementalist began the quest
                  | for the Orb.
     0 | D:1      | Reached XP level 1. HP: 13/13 MP: 3/3
   279 | D:1      | Gained mutation: You are faintly shadowed, very rarely
                  | releasing foul flame when damaged in melee. [demonic
                  | ancestry]
   279 | D:1      | Reached XP level 2. HP: 18/20 MP: 0/5
   505 | D:1      | Reached skill level 1 in Fighting
   762 | D:1      | Reached XP level 3. HP: 21/26 MP: 1/6
  1606 | D:2      | Reached XP level 4. HP: 32/32 MP: 1/7
  2531 | D:3      | Found a faded altar of an unknown god.
  2723 | D:3      | Gained mutation: A weak demonic guardian rushes to your
                  | aid. [demonic ancestry]
  2723 | D:3      | Reached XP level 5. HP: 23/38 MP: 9/9
  2730 | D:3      | Found a basalt altar of Yredelemnul.
  2821 | D:$      | Got out of the dungeon alive.

Illustrated notes

Levels and vault maps discovered:
D:1:      dpeg_arrival_stonehenge_12_columns, layout_basic
D:2:      layout_basic, chequers_serial_rivers_small_b
D:3:      layout_loops_ring, lemuel_coloured_pillars_altar,
          ebering_ecumenical_altar_abandoned, gammafunk_ghost_arena,
          serial_shops, nicolae_shop_behind_doors, serial_forest,
          infiniplex_forest_clump_long, infiniplex_forest_lined_room_2,
          infiniplex_forest_straight_3, infiniplex_forest_zigzag_1,
          infiniplex_forest_clump_double, infiniplex_forest_side_room

Skill      XL: |  1  2  3  4 |
---------------+-------------+-----
Fighting       | 1 2 |  2.3
Fire Magic     | 3 |  3.5
Conjurations   | 2 |  2.5
Spellcasting   | 3 |  3.0
Dodging        | |  1.7
Stealth        | |  1.7

Action                     |  1- 3 |  4- 6 || total
---------------------------+-------+-------++-------
  Melee: Dagger            |    15 |    27 ||    42
         Unarmed           |     1 |       ||     1
   Cast: Foxfire           |    67 |    50 ||   117
   Stab: Sleeping          |     1 |     1 ||     2
 Armour: Robe              |    13 |    27 ||    40
  Dodge: Dodged            |    12 |    23 ||    35

Table legend: (Time is in decaauts)
 A = Elapsed time spent in this place.
 B = Non-inter-level travel time spent in this place.
 C = Inter-level travel time spent in this place.
 D = Time resting spent in this place.
 E = Time spent auto-exploring this place.
 F = Levels seen in this place.
 G = Mean time per level.
                   A        B        C        D        E       F      G
               +--------+--------+--------+--------+--------+-----+--------+
         Total |   2820 |   2678 |    142 |     72 |   2215 |   3 |  940.0 |
       Dungeon |   2820 |   2678 |    142 |     72 |   2215 |   3 |  940.0 |
               +--------+--------+--------+--------+--------+-----+--------+

Top non-repeatable levels by time:
     D:1: 1354 daAuts
     D:2: 1070 daAuts
     D:3: 396 daAuts
